AoeStats
← Donald Trump

Arena

510308983Analyzed
4v4 RM · 1d ago on Sep 30, 2026· 59m 55s· 8 players
Game mode
Random Map
Map size
Large (8 player)
Population
200
Speed
Normal
Resources
Standard
Victory
Conquest
Starting age
Dark Age
Ending age
Imperial Age
RankedLock teamsTeams togetherTeam positionsShared explorationLock speedFull tech treeHidden civsTurbo modeCheats
Victory
Defeat
🇨🇳 Saracens · China
876
+15
🇺🇸 Lithuanians · United States
857
+16
🇺🇸 Varangians · United States
844
+16
🇵🇹 Italians · Portugal
804
+18
🇨🇳 Bohemians · China
873
-17
🇺🇸 Portuguese · United States
861
-17
🇨🇳 Saxons · China
837
-16
🇮🇩 Burgundians · Indonesia
809
-15
covrona
3:28 Loom
10:10 Feudal Age
10:41 Double-Bit Axe
10:38 Horse Collar
16:08 Castle Age
16:45 Wheelbarrow
15:56 Town Watch
17:13 Bow Saw
17:05 Heavy Plow
24:59 Hand Cart
25:08 Town Watch
28:15 Gold Mining
28:17 Stone Mining
32:51 Imperial Age
31:27 Husbandry
31:37 Bloodlines
30:48 Light Cavalry
31:47 Forging
31:43 Scale Barding Armor
31:57 Town Patrol
33:35 Ballistics
33:56 Iron Casting
33:42 Chain Barding Armor
33:15 Fletching
33:39 Fortified Wall
35:51 Crop Rotation
36:25 Two-Man Saw
36:05 Plate Barding Armor
36:32 Blast Furnace
37:22 Conscription
38:11 Chemistry
37:24 Pikeman
39:15 Halberdier
40:01 Scale Mail Armor
39:57 Bodkin Arrow
40:03 Padded Archer Armor
41:11 Guilds
44:40 Chain Mail Armor
44:26 Bracer
50:38 Bombard Tower
50:02 Elite Organ Gun
@156W21758K
11:27 Feudal Age
10:26 Loom
16:20 Castle Age
15:13 Wheelbarrow
14:49 Horse Collar
15:36 Double-Bit Axe
19:41 Fervor
20:53 Pikeman
25:56 Chemistry
29:38 Imperial Age
JiFa
11:21 Feudal Age
9:55 Loom
12:31 Double-Bit Axe
12:31 Horse Collar
19:22 Castle Age
17:48 Gold Mining
17:57 Stone Mining
20:43 Bow Saw
20:35 Heavy Plow
21:13 Gold Shaft Mining
24:03 Forging
23:53 Scale Mail Armor
30:33 Imperial Age
30:30 Squires
30:16 Arson
29:51 Pikeman
30:39 Shield Wall
30:59 Capped Ram
31:20 Halberdier
35:33 Iron Casting
35:14 Chain Mail Armor
34:43 Elite Hearth Troop
36:40 Siege Ram
41:49 Elite Varangian Guard
48:00 Murder Holes
Donald Trump
9:19 Feudal Age
8:52 Double-Bit Axe
11:28 Horse Collar
15:47 Castle Age
14:16 Bow Saw
14:35 Stone Mining
16:31 Loom
24:15 Heavy Plow
25:25 Wheelbarrow
25:36 Crop Rotation
31:51 Imperial Age
29:27 Husbandry
29:33 Cavalier
30:31 Scale Barding Armor
30:38 Forging
31:57 Hand Cart
32:07 Fortified Wall
31:38 Treadmill Crane
32:09 Masonry
32:02 Gold Mining
32:37 Paladin
35:48 Chain Barding Armor
36:04 Iron Casting
37:17 Plate Barding Armor
38:18 Caravan
38:49 Coinage
38:30 Guilds
40:17 Banking
44:48 Elite Coustillier
T.S | Mo
2:47 Loom
14:48 Feudal Age
15:18 Horse Collar
15:29 Stone Mining
15:30 Gold Mining
15:26 Double-Bit Axe
26:51 Castle Age
27:12 Wheelbarrow
27:35 Man-at-Arms
28:01 Arson
28:31 Forging
28:26 Scale Barding Armor
28:22 Scale Mail Armor
28:12 Fletching
28:57 Pikeman
29:37 Squires
29:57 Caravan
30:47 Husbandry
30:58 Bloodlines
32:10 Fervor
32:59 Murder Holes
37:17 Imperial Age
35:42 Chain Mail Armor
36:02 Iron Casting
38:52 Conscription
37:57 Cavalier
39:33 Hand Cart
39:04 Town Watch
41:55 Iron Casting
41:40 Chain Barding Armor
41:16 Bodkin Arrow
41:41 Masonry
41:45 Bow Saw
43:03 Paladin
60:30 Architecture
59:40 Treadmill Crane
AEC008
1:13 Loom
11:37 Feudal Age
12:53 Wheelbarrow
12:05 Double-Bit Axe
13:00 Stone Mining
19:40 Castle Age
19:32 Horse Collar
20:37 Gold Mining
21:10 Bow Saw
22:50 Heavy Plow
30:03 Forging
29:59 Scale Barding Armor
31:11 Gambesons
37:38 Iron Casting
37:03 Scale Mail Armor
39:41 Imperial Age
38:01 Pikeman
40:11 Chain Mail Armor
39:50 Elite Jarl
40:53 Conscription
41:36 Elite Varangian Guard
43:36 Plate Mail Armor
44:07 Blast Furnace
44:26 Caravan
56:07 Arson
56:27 Squires
58:11 Crop Rotation
57:50 Spies/Treason
Reclaimer
0:32 Loom
14:39 Feudal Age
16:05 Double-Bit Axe
16:02 Horse Collar
16:15 Gold Mining
16:15 Stone Mining
16:21 Stone Mining
22:35 Castle Age
21:28 Town Watch
22:19 Wheelbarrow
21:44 Fletching
21:54 Padded Archer Armor
23:30 Heavy Plow
24:01 Bow Saw
28:00 Imperial Age
26:36 Silk Road
26:33 Fortified Wall
26:46 Silk Road
29:47 Crop Rotation
31:33 Two-Man Saw
31:28 Squires
31:14 Arson
32:45 Chemistry
34:11 Hand Cart
35:46 Conscription
36:21 Ballistics
36:12 Thumb Ring
36:46 Leather Archer Armor
36:58 Murder Holes
36:49 Arrowslits
37:15 Masonry
36:46 Treadmill Crane
37:12 Bodkin Arrow
37:57 Caravan
39:11 Ring Archer Armor
40:56 Forging
41:21 Bracer
41:51 Town Patrol
42:42 Capped Ram
48:57 Elite Genoese Crossbowman
53:06 Pirotechnia
54:47 Hoardings
55:32 Stone Shaft Mining
55:52 Architecture
58:17 Iron Casting
57:42 Scale Mail Armor
58:04 Spies/Treason
VespidVeil98689
10:48 Feudal Age
14:42 Castle Age
12:35 Double-Bit Axe
12:34 Horse Collar
16:21 Bow Saw
16:35 Heavy Plow
21:25 Wheelbarrow
25:47 Gold Mining
30:06 Imperial Age
27:53 Hand Cart
27:52 Stone Mining
28:38 Gold Shaft Mining
28:05 Loom
28:05 Town Watch
28:21 Scale Mail Armor
28:27 Scale Barding Armor
28:32 Forging
29:59 Ballistics
29:49 Masonry
29:34 Murder Holes
30:02 Chain Barding Armor
30:43 Gold Shaft Mining
30:47 Iron Casting
30:13 Scale Mail Armor
30:20 Husbandry
30:30 Bloodlines
30:20 Husbandry
30:30 Bloodlines
31:52 Two-Man Saw
31:58 Chemistry
31:25 Siege Engineers
33:40 Blast Furnace
33:15 Plate Barding Armor
33:40 Blast Furnace
33:15 Plate Barding Armor
32:27 Heavy Camel Rider
34:15 Bloodlines
35:49 Town Patrol
36:05 Chain Mail Armor
36:56 Conscription
36:48 Counterweights
37:16 Hoardings
39:53 Plate Mail Armor
Connection lost

Rejoining the realm…

Still unreachable

The connection could not be restored.

Session expired

The server has moved on; the page needs a fresh start.